 Dungeon Crawl Stone Soup version 0.25-a0-246-g58704a1ebd (webtiles) character file.

Game seed: 10850530474260873951, levelgen mode: deterministic

5050 floatRand the Cleaver (level 10, -1/111 HPs)
             Began as a Demonspawn Gladiator on Dec 3, 2019.
             Was a Believer of Qazlal.
             Impaled on a porcupine's spines (10 damage)
             ... on level 10 of the Dungeon.
             The game lasted 00:10:23 (7150 turns).

floatRand the Cleaver (Demonspawn Gladiator)        Turns: 7150, Time: 00:10:23

Health: -1/111     AC: 25    Str: 21    XL:     10   Next: 30%
Magic:  17/17      EV:  2    Int:  9    God:    Qazlal [**....]
Gold:   387        SH:  2    Dex: 17    Spells: 9/9 levels left

rFire    . . .     SeeInvis .   y - +1 battleaxe (venom)
rCold    + . .     Gourm    .   (shield currently unavailable)
rNeg     + + +     Faith    .   (armour currently unavailable)
rPois    +         Spirit   .   (helmet currently unavailable)
rElec    .         Reflect  .   (cloak currently unavailable)
rCorr    .         Harm     .   (gloves currently unavailable)
MR       +....     NoTele   +   (boots currently unavailable)
Stlth    +.........             e - amulet of regeneration
HPRegen  0.68/turn              C - ring of protection from magic
MPRegen  0.15/turn              E - ring of protection from cold

@: mighty, tree-form
A: demonic guardian 2
a: Upheaval, Renounce Religion


You were on level 10 of the Dungeon.
You worshipped Qazlal.
Qazlal was pleased with you.
You were not hungry.
You were a tree.
You visited 2 branches of the dungeon, and saw 11 of its levels.
You also visited: Ossuary.

You collected 505 gold pieces.
You spent 118 gold pieces at shops.

Inventory:

Hand Weapons
 a - a +0 war axe
 c - the +7 scimitar of Melee {pain, Str+4 Int-2 Dex+8}
   (You found it on level 8 of the Dungeon)

   In the hands of one skilled in necromantic magic, it inflicts extra damage on
   living creatures.
   It affects your strength (+4).
   It affects your intelligence (-2).
   It affects your dexterity (+8).
 y - a +1 battleaxe of venom (weapon)
Missiles
 d - 3 throwing nets (quivered)
 v - 12 javelins
 B - 5 curare-tipped darts
Armour
 b - a +0 leather armour
 g - a +1 pair of boots (melded)
 j - a +1 helmet (melded)
 w - a +0 chain mail (melded)
 F - the +2 cloak of Titowk (melded) {*Drain MP+9 Str+4}
   (You acquired it on level 8 of the Dungeon)

   It affects your strength (+4).
   It affects your magic capacity (+9).
   It causes draining when unequipped.
Jewellery
 e - an amulet of regeneration (around neck)
 x - an uncursed ring of poison resistance {unknown}
 C - a ring of protection from magic (left branch)
 E - a ring of protection from cold (right branch)
 G - an uncursed ring of stealth
 I - an uncursed amulet of faith {unknown}
Wands
 h - a wand of enslavement (12)
 k - a wand of digging (5)
Scrolls
 l - 8 scrolls of remove curse
 p - a scroll of identify
 r - a scroll of random uselessness
 u - 3 scrolls of magic mapping
 A - 2 scrolls of immolation
Potions
 i - a potion of magic
 m - 2 potions of flight
 n - 6 potions of degeneration {unknown}
 o - 2 potions of berserk rage {unknown}
 q - 3 potions of heal wounds {unknown}
 s - 5 potions of might
 t - 6 potions of curing {unknown}
 z - a potion of brilliance {unknown}
 D - a potion of invisibility
 J - 4 potions of lignification
 K - 2 potions of ambrosia {unknown}
 L - 2 potions of resistance {unknown}
 M - a potion of mutation {unknown}
Comestibles
 f - 26 rations
 H - 10 chunks of flesh


   Skills:
 - Level 5.5 Fighting
 + Level 9.7 Axes
 - Level 1.7 Throwing
 - Level 4.4 Armour
 - Level 5.0 Dodging
 * Level 9.7 Invocations


You had 9 spell levels left.
You didn't know any spells.
Your spell library contained the following spells:

 Spells                   Type           Power        Failure   Level  Hunger
 Magic Dart               Conj           #...         38%         1    ##.....
 Blink                    Tloc           N/A          52%         2    ###....
 Call Imp                 Summ           #.......     52%         2    ###....
 Slow                     Hex            #.......     52%         2    ###....
 Conjure Flame            Conj/Fire      #.......     77%         3    ####...
 Mephitic Cloud           Conj/Pois/Air  #.......     77%         3    ####...


Dungeon Overview and Level Annotations

Branches:
Dungeon (10/15)            Temple (1/1) D:7         Ossuary (visited)
   Lair: D:8-11         Orc: D:9-12

Altars:
Ashenzari
Cheibriados
Dithmenos
Elyvilon
Fedhas
Gozag
Hepliaklqana
Kikubaaqudgha
Makhleb
Nemelex Xobeh
Okawaru
Qazlal
Ru
Sif Muna
Trog
Uskayaw
Vehumet
Wu Jian
Xom
Yredelemnul
Zin
The Shining One

Shops:
D:4 *


Innate Abilities, Weirdness & Mutations

((You have large cloven feet.))
((You are partially covered in slimy green scales. (AC +2)))
A demonic guardian rushes to your aid.
((You are partially covered in sharp spines.))


Message History

The porcupine is heavily wounded.
You hit the bullfrog.
The bullfrog is poisoned.
You hit the black bear.
You kill the black bear!
Qazlal accepts your kill.
The bullfrog hits you but does no damage.
The porcupine twitches its whiskers.
The porcupine bites you but does no damage.
Unknown command.
Unknown command.
Unknown command.
You closely miss the porcupine.
The porcupine is heavily wounded.
You slash the bullfrog!
The bullfrog looks as sick as possible!
You kill the bullfrog!
Qazlal accepts your kill. You block the porcupine's attack.
The porcupine completely misses you.
Unknown command.
Unknown command.
You are struck by the porcupine's spines.
You die...

....# ## ...# ...
...####... ###.........
#........... ######
#.#......... #...<
#....†......
#...########.).♣†......
#...........))r......
#.###)...†.#.........
...( #)#########..<...
...#.#.#.# .....#
...#...#(# .....# ..
#.. #(######## ..... #.
#####(.......##......
#........(...........


You could see a porcupine.

Vanquished Creatures
  A hornet (D:7)
  4 yaks (D:9)
  2 orc warriors
  2 necrophages (D:9)
  6 ogres
  3 black bears
  3 ice beasts
  A phantom (D:8)
  2 centaurs
  8 bullfrogs
  A scorpion (D:6)
  Dowan (D:6)
  7 crimson imps
  A centaur zombie (Ossuary)
  A bullfrog zombie (D:5)
  5 human zombies (D:9)
  2 hounds
  3 orc wizards
  A bullfrog skeleton (D:8)
  2 jellies
  2 orc priests (D:10)
  A centaur skeleton (D:7)
  2 iguanas
  A human skeleton (D:9)
  7 worker ants
  A killer bee zombie (D:6)
  A big kobold zombie (Ossuary)
  An ogre skeleton (D:9)
  A hound zombie (D:7)
  5 mummies
  Robin (D:2)
  7 gnolls
  2 howler monkey skeletons
  11 adders
  A shadow imp (D:10)
  An ooze (D:1)
  An adder zombie (D:7)
  2 worms
  2 dart slugs
  3 leopard geckos
  19 orcs
  2 ball pythons
  7 bats
  4 giant cockroaches
  2 gnoll zombies (Ossuary)
  11 hobgoblins
  5 jackals
  5 quokkas
  8 frilled lizards
  19 goblins
  A goblin zombie (Ossuary)
  A hobgoblin zombie (D:7)
  5 kobolds
  A kobold zombie (Ossuary)
  6 orc zombies
  A quokka zombie (D:5)
  10 rats
216 creatures vanquished.

Vanquished Creatures (collateral kills)
  A troll (D:8)
  2 yaks (D:9)
  Duvessa (D:6)
  An ogre (D:6)
  2 bullfrogs
  A scorpion (D:4)
  2 orc priests (D:10)
  An orc wizard (D:6)
  3 orcs
14 creatures vanquished.

Vanquished Creatures (others)
  A goblin (D:2)
  6 fungi (D:10)
  A plant (D:10)
8 creatures vanquished.

Grand Total: 238 creatures vanquished

Notes
Turn   | Place    | Note
-------+----------+-------------------------------------------
     0 | D:1      | floatRand the Demonspawn Gladiator began the quest for the
                  | Orb.
     0 | D:1      | Reached XP level 1. HP: 16/16 MP: 1/1
   107 | D:1      | Gained mutation: You are partially covered in slimy green
                  | scales. (AC +2) [demonic ancestry]
   107 | D:1      | Reached XP level 2. HP: 22/22 MP: 2/2
   495 | D:2      | Noticed Robin
   515 | D:1      | Gained mutation: You have large cloven feet. [demonic
                  | ancestry]
   515 | D:1      | Reached XP level 3. HP: 13/27 MP: 3/3
   583 | D:2      | Killed Robin
   773 | D:2      | Gained mutation: You are partially covered in sharp spines.
                  | [demonic ancestry]
   773 | D:2      | Reached XP level 4. HP: 26/33 MP: 4/4
  1256 | D:2      | Gained mutation: A weak demonic guardian rushes to your
                  | aid. [demonic ancestry]
  1256 | D:2      | Reached XP level 5. HP: 25/38 MP: 5/5
  1799 | D:4      | Noticed an ogre
  1809 | D:4      | Killed an ogre
  1809 | D:4      | Reached XP level 6. HP: 44/44 MP: 6/6
  1989 | D:4      | Found Zexzot Ejen's Assorted Antiques.
  1997 | D:4      | Bought 2 lumpy grey potions for 46 gold pieces
  1997 | D:4      | Bought a bubbling white potion for 23 gold pieces
  1997 | D:4      | Bought a scroll labeled UHAONO ZUBAU for 26 gold pieces
  1997 | D:4      | Bought a lumpy grey potion for 23 gold pieces
  2038 | D:4      | Found a sacrificial altar of Ru.
  2094 | D:4      | Reached skill level 5 in Axes
  2094 | D:4      | Reached skill level 5 in Dodging
  2885 | D:5      | Entered Level 5 of the Dungeon
  2997 | D:5      | Reached skill level 1 in Armour
  3005 | D:5      | Reached XP level 7. HP: 49/51 MP: 7/7
  3886 | D:6      | Gained mutation: A demonic guardian rushes to your aid.
                  | [demonic ancestry]
  3886 | D:6      | Reached XP level 8. HP: 60/60 MP: 8/8
  4476 | D:6      | Noticed Duvessa
  4476 | D:6      | Noticed Dowan
  4483 | D:6      | Killed Dowan
  4485 | D:6      | Killed Duvessa
  4934 | D:7      | Found a sand-covered staircase.
  4941 | Ossuary  | Entered an ossuary
  5058 | Ossuary  | Reached skill level 5 in Fighting
  5213 | Ossuary  | Identified a scroll of acquirement
  5254 | D:7      | Found a staircase to the Ecumenical Temple.
  5283 | Temple   | Entered the Ecumenical Temple
  5445 | Temple   | Became a worshipper of Qazlal Stormbringer
  5576 | D:7      | Reached XP level 9. HP: 68/68 MP: 9/9
  5758 | D:8      | Got a smoking scimitar
  5759 | D:8      | Identified the +7 scimitar of Melee {pain, Str+4 Int-2
                  | Dex+8} (You found it on level 8 of the Dungeon)
  5792 | D:8      | Reached skill level 1 in Invocations
  5831 | D:8      | Got a shimmering cloak
  5832 | D:8      | Identified the +2 cloak of Titowk {*Drain MP+9 Str+4} (You
                  | acquired it on level 8 of the Dungeon)
  5844 | D:8      | Noticed a troll
  5850 | D:8      | Killed a troll
  6108 | D:8      | Reached skill level 5 in Invocations
  6383 | D:9      | Reached * piety under Qazlal
  6642 | D:9      | Reached XP level 10. HP: 74/74 MP: 16/16
  6675 | D:9      | Found a glowing silver altar of Zin.
  6953 | D:9      | Found an ancient bone altar of Kikubaaqudgha.
  7021 | D:10     | Entered Level 10 of the Dungeon
  7050 | D:10     | Reached ** piety under Qazlal
  7150 | D:10     | Impaled on a porcupine's spines

Levels and vault maps discovered:
D:1:      dpeg_arrival_tiny_a, layout_basic, corexii_item_surrounded_by_moat
D:2:      layout_loops_ring, uniq_robin
D:3:      layout_loops_cross
D:4:      layout_basic, nicolae_ru_path_of_blood, serial_glass, glass_columns_a,
          glass_columns_a, serial_shops, shop, first_ration
D:5:      layout_basic
D:6:      layout_layer_cave, uniq_duvessa
D:7:      layout_gridville, temple_fountains, nicolae_ossuary_entry_giza,
          grunt_ogre_cave
D:8:      layout_basic
D:9:      layout_loops_ring, basic_altar, chequers_serial_rivers_micro_b,
          minmay_misc_feat_tower, lemuel_mausoleum_altar_kikubaaqudgha
D:10:     layout_basic, due_lair_maze_entry_diamond, hiddenorc1_lemuel,
          uniq_urug
Temple:   roderic_octagonal_lattice_temple

Skill      XL: |  1  2  3  4  5  6  7  8  9 10 |
---------------+-------------------------------+-----
Axes           | 3 4 5 6 8 9 |  9.7
Dodging        | 3 4 5 |  5.0
Armour         | 1 2 4 |  4.4
Fighting       | 3 5 |  5.5
Invocations    | 8 9 |  9.7
Throwing       | |  1.7

Action                   |  1- 3 |  4- 6 |  7- 9 | 10-12 || total
-------------------------+-------+-------+-------+-------++-------
Melee: War axe           |   137 |   123 |   149 |       ||   409
       Battleaxe         |       |       |    72 |    94 ||   166
Throw: Throwing net      |       |     1 |       |       ||     1
  Use: Scroll            |       |     2 |    16 |       ||    18
       Potion            |       |       |       |     2 ||     2
 Stab: Sleeping          |     1 |       |       |       ||     1
  Eat: Chunk             |       |     6 |     9 |     2 ||    17
       Ration            |       |       |     1 |       ||     1
Armor: Leather armour    |    62 |    23 |       |       ||    85
       Chain mail        |       |    14 |   115 |    48 ||   177
       Skin              |       |       |       |    25 ||    25
Dodge: Dodged            |   107 |    95 |   108 |    37 ||   347
Block: Other             |       |       |       |    11 ||    11

Table legend:
 A = Non-vault XP
 B = Vault XP
 C = Vault XP percentage of total XP
 D = Non-vault monster count
 E = Vault monster count
 F = Vault count percentage of total count
                 A         B        C        D         E       F
            +---------+---------+-------+---------+---------+-------
      Total |    5830 |    1385 |  19.2 |     186 |      44 |  19.1
            +---------+---------+-------+---------+---------+-------
        D:1 |      35 |       8 |  18.6 |      21 |       4 |  16.0
        D:2 |     117 |      26 |  18.2 |      20 |       6 |  23.1
        D:3 |     102 |       0 |   0.0 |      30 |       0 |   0.0
        D:4 |     304 |       0 |   0.0 |      15 |       0 |   0.0
        D:5 |     441 |       0 |   0.0 |      18 |       0 |   0.0
        D:6 |     866 |     122 |  12.3 |      16 |       2 |  11.1
        D:7 |     981 |     133 |  11.9 |      16 |       4 |  20.0
        D:8 |     970 |       0 |   0.0 |      17 |       0 |   0.0
        D:9 |    1552 |     516 |  25.0 |      19 |      12 |  38.7
       D:10 |     462 |     431 |  48.3 |      14 |       4 |  22.2
    Ossuary |       0 |     149 | 100.0 |       0 |      12 | 100.0
            +---------+---------+-------+---------+---------+-------
